 Dungeon Sprint DCSS version 0.30.1-11-g7821555f0a (webtiles) character file.

Game seed: 4288351824089714555

24486 Groucho the Warrior (level 12, -9/122 HPs)
             Began as a Minotaur Fighter on Nov 29, 2023.
             Was the Champion of Uskayaw.
             Killed from afar by a tengu reaver (34 damage)
             ... with a bolt of poison
             ... in the Dungeon (Sprint IX: "|||||||||||||||||||||||||||||").
             The game lasted 00:14:18 (4168 turns).

Groucho the Warrior (Minotaur Fighter)              Turns: 4168, Time: 00:14:19

Health: -9/122     AC: 20    Str: 22    XL:     12   Next: 81%
Magic:  1/20       EV: 16    Int:  5    God:    Uskayaw [******]
Gold:   50         SH: 18    Dex: 14    Spells: 11/11 levels left

rFire   + . .        J - +3 quick blade
rCold   . . .        k - +0 kite shield
rNeg    . . .        x - +2 chain mail {rF+}
rPois   .            (helmet restricted)
rElec   .            K - +1 cloak
rCorr   .            (no gloves)
SInv    .            a - +0 pair of boots
Will    .....        y - amulet of reflection
Stlth   ++           b - +2 ring of evasion
HPRegen 0.40/turn    f - +4 ring of slaying
MPRegen 0.17/turn

%: no teleportation, reflection
@: lethally poisoned (-9 -> -28)
A: horns 2, retaliatory headbutt
a: Renounce Religion, Stomp, Line Pass, Grand Finale


You were in the Dungeon.
You worshipped Uskayaw.
Uskayaw was pleased with you.
You visited 1 branch You collected 1921 gold pieces.
You spent 1871 gold pieces at shops.

Inventory:

Hand Weapons
 i - a +0 shortbow
 n - a +2 rapier of draining
 J - a +3 quick blade (weapon)
Missiles
 o - 2 boomerangs
 w - 7 javelins (quivered)
Armour
 a - a +0 pair of boots (worn)
 k - a +0 kite shield (worn)
 x - a +2 chain mail of fire resistance (worn)
 K - a +1 cloak (worn)
Jewellery
 b - a +2 ring of evasion (left hand)
 f - a +4 ring of slaying (right hand)
 p - a +3 ring of intelligence
 y - an amulet of reflection (around neck)
 z - a ring of see invisible
 F - a ring of flight
 G - a ring of fire
 H - a ring of protection from cold
 I - a ring of protection from fire
Wands
 m - a wand of roots (10)
Scrolls
 j - 4 scrolls of blinking
 l - 2 scrolls of amnesia
 r - 4 scrolls of fog
 s - a scroll of fear
 t - 3 scrolls of identify
 B - a scroll of magic mapping
 C - a scroll of vulnerability
 D - a scroll of torment
 E - a scroll of immolation
 L - 2 scrolls of enchant weapon
Potions
 c - 3 potions of mutation
 d - a potion of might
 e - 4 potions of curing
 g - a potion of haste
 h - 3 potions of magic
 q - 3 potions of berserk rage
 u - a potion of attraction
 v - a potion of brilliance


   Skills:
 + Level 15.8 Fighting
 - Level 14.0 Short Blades
 + Level 6.1 Throwing
 + Level 15.7 Armour
 + Level 14.1 Dodging
 + Level 12.0 Stealth
 + Level 15.6 Shields
 + Level 13.0 Invocations


You had 11 spell levels left.
You didn't know any spells.
Your spell library was empty.

Dungeon Overview and Level Annotations

Branches:
Dungeon (1/1)

Altars:
Cheibriados
Dithmenos
Elyvilon
Fedhas
Gozag
Hepliaklqana
Kikubaaqudgha
Makhleb
Nemelex Xobeh
Okawaru
Qazlal
Ru
Sif Muna
Trog
Uskayaw
Vehumet
Wu Jian
Xom
Yredelemnul
Zin
The Shining One
Jiyva
Lugonu

Shops:
D *=**


Innate Abilities, Weirdness & Mutations

You have a pair of horns on your head.
You reflexively headbutt those who attack you in melee.


Message History

The frost giant simulacrum is almost destroyed.
Unknown command.
You hit the frost giant simulacrum but do no damage.
The frost giant simulacrum is almost destroyed.
Unknown command.
You hit the frost giant simulacrum but do no damage.
The frost giant simulacrum is almost destroyed.
The frost giant simulacrum hits you!
The frost giant simulacrum freezes you!!!
* * * LOW HITPOINT WARNING * * *
You block the frost giant simulacrum's attack.
You are too injured to fight recklessly!
Unknown command.
You are too injured to fight recklessly!
Unknown command.
You hit the frost giant simulacrum but do no damage.
The frost giant simulacrum is almost destroyed.
Unknown command.
Unknown command.
You hit the frost giant simulacrum.
You headbutt the frost giant simulacrum.
The frost giant simulacrum vaporises!
The tengu reaver points at you and mumbles some strange words.
The bolt of cold hits the wizard simulacrum.
The wizard simulacrum completely resists.
The bolt of cold hits the frost giant simulacrum.
The frost giant simulacrum completely resists.
The bolt of cold hits you!!
* * * LOW HITPOINT WARNING * * *
Unknown command.
You feel much better.
You block the frost giant simulacrum's attack.
The tengu reaver points at you and mumbles some strange words.
The bolt of poison hits the wizard simulacrum.
The wizard simulacrum completely resists.
The bolt of poison hits the frost giant simulacrum.
The frost giant simulacrum completely resists.
The bolt of poison hits you!!
You are poisoned.
You die...

▓.▓.▓.▓[▓.▓.▓
▓.▓.▓[▓[▓.▓.▓
▓+▓.▓'▓.▓[▓.▓'▓
▓.▓.▓.▓.▓.▓.▓.▓
▓.▓.▓.▓.▓.▓.▓.▓
▓.▓.▓.▓.▓.▓.▓[▓
▓.▓.▓.▓.▓'▓.▓)▓
▓○▓.▓.▓.▓.▓.▓)▓
▓@▓.▓∩▓.▓)▓.▓)▓
▓Z▓.▓)▓.▓[▓.▓'▓
▓Z▓.▓∩▓.▓.▓.▓.▓
▓Q▓.▓)▓.▓.▓.▓.▓
▓Z▓.▓∩▓.▓÷▓.▓[▓
▓[▓.▓)▓.▓÷▓.▓[▓
▓†▓.▓∩▓.▓.▓.▓.▓
▓.▓.▓)▓.▓÷▓.▓.▓
▓.▓.▓.▓.▓÷▓.▓)▓


You could see a tengu reaver (soul bound), an ugly thing simulacrum, a frost
giant simulacrum and a wizard simulacrum.

Vanquished Creatures
  A lich (D)
  A frost giant (D)
  A fire dragon (D)
  4 hydras (D)
  A centaur warrior (D)
  A two-headed ogre (D)
  3 boulder beetles (D)
  Urug (D)
  5 death yaks (D)
  A wizard (D)
  A necromancer (D)
  8 orc knights (D)
  3 ugly things (D)
  A cyclops (D)
  2 black mambas (D)
  2 elephants (D)
  A cane toad (D)
  A yaktaur (D)
  4 komodo dragons (D)
  A wraith (D)
  3 yaks (D)
  4 water moccasins (D)
  18 orc warriors (D)
  A black bear (shapeshifter) (D)
  A centaur (D)
  A wolf (D)
  A phantom (D)
  3 bullfrogs (D)
  A gnoll sergeant (D)
  A scorpion (D)
  2 killer bees (D)
  3 orc priests (D)
  5 orc wizards (D)
  2 adders (D)
  A dart slug (D)
  6 orcs (D)
  An endoplasm (D)
  2 goblins (D)
  A quokka (D)
100 creatures vanquished.

Vanquished Creatures (others)
  A frost giant (D)
1 creature vanquished.

Grand Total: 101 creatures vanquished

Notes
Turn   | Place    | Note
-------+----------+-------------------------------------------
     0 | D        | Groucho the Minotaur Fighter began the quest for the Orb.
     0 | D        | Reached XP level 1. HP: 19/19 MP: 0/0
    13 | D        | Reached skill level 1 in Dodging
    14 | D        | Reached skill level 1 in Stealth
    14 | D        | Reached skill level 1 in Invocations
    17 | D        | Reached XP level 2. HP: 27/27 MP: 1/1
   218 | D        | Noticed a phantom
   218 | D        | Noticed a scorpion
   218 | D        | Noticed a centaur
   223 | D        | Killed a centaur
   224 | D        | Reached skill level 5 in Fighting
   224 | D        | Reached skill level 5 in Armour
   224 | D        | Reached skill level 5 in Shields
   224 | D        | Reached XP level 3. HP: 36/36 MP: 1/4
   224 | D        | Reached XP level 4. HP: 42/42 MP: 1/5
   230 | D        | Killed a scorpion
   231 | D        | Reached XP level 5. HP: 50/50 MP: 1/6
   232 | D        | Killed a phantom
   233 | D        | Reached skill level 5 in Short Blades
   242 | D        | Found a snail-covered altar of Cheibriados.
   242 | D        | Found a shadowy altar of Dithmenos.
   242 | D        | Found a white marble altar of Elyvilon.
   242 | D        | Found a blossoming altar of Fedhas.
   242 | D        | Found an opulent altar of Gozag.
   243 | D        | Found a hazy altar of Hepliaklqana.
   244 | D        | Found a viscous altar of Jiyva.
   245 | D        | Found an ancient bone altar of Kikubaaqudgha.
   246 | D        | Found a corrupted altar of Lugonu.
   247 | D        | Found a burning altar of Makhleb.
   248 | D        | Found a sparkling altar of Nemelex Xobeh.
   249 | D        | Found an iron altar of Okawaru.
   250 | D        | Found a stormy altar of Qazlal.
   251 | D        | Found a sacrificial altar of Ru.
   252 | D        | Found a shimmering blue altar of Sif Muna.
   253 | D        | Found a bloodstained altar of Trog.
   254 | D        | Found a hide-covered altar of Uskayaw.
   255 | D        | Found a radiant altar of Vehumet.
   256 | D        | Found an ornate altar of the Wu Jian Council.
   257 | D        | Found a shimmering altar of Xom.
   258 | D        | Found a basalt altar of Yredelemnul.
   259 | D        | Found a glowing silver altar of Zin.
   260 | D        | Found a glowing golden altar of the Shining One.
   262 | D        | Became a worshipper of Uskayaw the Reveller
   311 | D        | Noticed a two-headed ogre
   311 | D        | Noticed an orc warrior
   317 | D        | Reached * piety under Uskayaw
   318 | D        | Reached ** piety under Uskayaw
   320 | D        | Reached *** piety under Uskayaw
   321 | D        | Killed a two-headed ogre
   322 | D        | Reached skill level 5 in Stealth
   322 | D        | Reached XP level 6. HP: 35/62 MP: 7/9
   322 | D        | Reached XP level 7. HP: 39/69 MP: 7/10
   325 | D        | Reached **** piety under Uskayaw
   330 | D        | Reached ***** piety under Uskayaw
   335 | D        | Reached XP level 8. HP: 42/77 MP: 8/11
   339 | D        | Noticed a white ugly thing
   339 | D        | Noticed a boulder beetle
   339 | D        | Noticed a four-headed hydra
   339 | D        | Noticed a purple ugly thing
   346 | D        | Reached ****** piety under Uskayaw
   351 | D        | Killed a purple ugly thing
   356 | D        | Killed a white ugly thing
   356 | D        | Killed a four-headed hydra
   357 | D        | Reached skill level 10 in Fighting
   357 | D        | Reached skill level 10 in Armour
   357 | D        | Reached skill level 10 in Shields
   357 | D        | Reached XP level 9. HP: 49/86 MP: 10/14
   375 | D        | Killed a boulder beetle
   943 | D        | Noticed a cane toad
   944 | D        | Noticed a komodo dragon
   953 | D        | Reached skill level 10 in Short Blades
   957 | D        | Noticed a komodo dragon
   957 | D        | Killed a cane toad
   958 | D        | Reached XP level 10. HP: 74/96 MP: 10/15
   961 | D        | Reached skill level 10 in Dodging
  1273 | D        | Noticed a black mamba
  1273 | D        | Noticed a black mamba
  1273 | D        | Noticed an eight-headed hydra
  1276 | D        | Noticed an elephant
  1276 | D        | Noticed an elephant
  1277 | D        | Killed a black mamba
  1283 | D        | Killed a black mamba
  1287 | D        | Killed an eight-headed hydra
  1293 | D        | Killed an elephant
  1294 | D        | Reached skill level 10 in Invocations
  1310 | D        | Killed an elephant
  1735 | D        | Noticed a death yak
  1735 | D        | Noticed a death yak
  1735 | D        | Noticed a death yak
  1736 | D        | Noticed a death yak
  1739 | D        | Noticed a death yak
  1743 | D        | Killed a death yak
  1744 | D        | Reached XP level 11. HP: 92/106 MP: 17/17
  1753 | D        | Killed a death yak
  1760 | D        | Killed a death yak
  1773 | D        | Killed a death yak
  1774 | D        | Reached skill level 10 in Stealth
  1776 | D        | Killed a death yak
  2215 | D        | Noticed Urug
  2239 | D        | Killed Urug
  2340 | D        | Noticed an orc knight
  2354 | D        | Killed an orc knight
  2670 | D        | Noticed an orc knight
  2705 | D        | Noticed an orc knight
  2718 | D        | Killed an orc knight
  2730 | D        | Killed an orc knight
  3422 | D        | Found Unec's General Store.
  3422 | D        | Noticed an orc knight
  3422 | D        | Noticed an orc knight
  3423 | D        | Noticed an orc knight
  3439 | D        | Killed an orc knight
  3440 | D        | Reached skill level 1 in Throwing
  3440 | D        | Found Suod's General Store.
  3441 | D        | Killed an orc knight
  3442 | D        | Noticed an orc knight
  3457 | D        | Killed an orc knight
  3460 | D        | Found Ninargh's Jewellery Boutique.
  3460 | D        | Found Gaug's General Store.
  3476 | D        | Noticed an orc knight
  3499 | D        | Killed an orc knight
  3500 | D        | Reached XP level 12. HP: 33/118 MP: 14/19
  3743 | D        | Bought a +4 ring of slaying for 780 gold pieces
  3743 | D        | Bought an amulet of reflection for 300 gold pieces
  3743 | D        | Bought a ring of see invisible for 150 gold pieces
  3752 | D        | Bought a potion of heal wounds for 70 gold pieces
  3752 | D        | Bought a potion of curing for 42 gold pieces
  3752 | D        | Bought a scroll of magic mapping for 105 gold pieces
  3754 | D        | Bought a scroll of identify for 20 gold pieces
  3754 | D        | Bought a scroll of vulnerability for 40 gold pieces
  3756 | D        | Bought a scroll of torment for 133 gold pieces
  3756 | D        | Bought a scroll of immolation for 56 gold pieces
  3758 | D        | Bought a ring of flight for 175 gold pieces
  4046 | D        | Noticed a boulder beetle
  4046 | D        | Noticed a five-headed hydra
  4046 | D        | Noticed a centaur warrior
  4046 | D        | Noticed a boulder beetle
  4074 | D        | Killed a boulder beetle
  4075 | D        | Noticed a six-headed hydra
  4085 | D        | Noticed a lich
  4097 | D        | Noticed a fire dragon
  4124 | D        | Killed a lich
  4128 | D        | Killed a boulder beetle
  4128 | D        | Killed a centaur warrior
  4129 | D        | Reached skill level 15 in Fighting
  4129 | D        | Reached skill level 15 in Armour
  4129 | D        | Reached skill level 15 in Shields
  4130 | D        | Noticed a tengu reaver
  4134 | D        | Killed a five-headed hydra
  4142 | D        | Noticed a frost giant
  4143 | D        | Killed a six-headed hydra
  4144 | D        | Noticed a frost giant
  4147 | D        | Killed a fire dragon
  4148 | D        | Reached skill level 5 in Throwing
  4154 | D        | Killed a frost giant
  4154 | D        | Killed a frost giant
  4167 | D        | HP: 4/122 [tengu reaver/bolt of cold (26)]
  4168 | D        | Killed from afar by a tengu reaver

Illustrated notes

Levels and vault maps discovered:
D:        linesprint [early_d, line_temple, items_1, d_10, items_2, lair_1,
          lair_end, items_3, orc_1, orc_end, items_4, d_15, swamp_1, shoals_1,
          snake_1, spider_1, d_20, vaults_1, items_5, swamp_end, shoals_end,
          snake_end, spider_end, vaults_end, d_27, items_6, zot_1, zot_end,
          crypt_end, forest_end, elf_end, slime_end, tomb_end, abyss_end,
          pan_hell_end]

Skill      XL: |  1  2  3  4  5  6  7  8  9 10 11 12 |
---------------+-------------------------------------+-----
Fighting       | 4 5 8 10 11 12 14 15 | 15.8
Dodging        | 1 3 4 6 7 8 9 11 13 14 | 14.1
Armour         | 4 5 8 10 11 12 14 15 | 15.7
Stealth        | 1 2 3 5 6 7 8 9 11 12 | 12.0
Shields        | 4 5 8 10 11 12 14 15 | 15.6
Invocations    | 1 2 3 6 8 10 11 13 | 13.0
Short Blades   | 4 7 9 10 11 13 14 | 14.0
Throwing       | 2 6 |  6.1

Action                     |  1- 3 |  4- 6 |  7- 9 | 10-12 || total
---------------------------+-------+-------+-------+-------++-------
  Melee: Rapier            |    15 |    21 |    47 |   230 ||   313
         Headbutt          |     3 |     2 |    14 |    86 ||   105
         Quick blade       |       |       |       |   107 ||   107
 Invoke: Line Pass         |       |       |     4 |    23 ||    27
         Grand Finale      |       |       |       |     1 ||     1
    Use: Potion            |     1 |     1 |     2 |     9 ||    13
   Stab: Invisible         |       |     2 |     3 |       ||     5
         Paralysed         |       |     1 |     1 |    14 ||    16
         Sleeping          |       |       |     1 |       ||     1
         Confused          |       |       |     2 |    14 ||    16
         Distracted        |       |       |       |     1 ||     1
 Armour: Scale mail        |     5 |     3 |       |       ||     8
         Ring mail         |       |       |     1 |     7 ||     8
         Chain mail        |       |       |       |    20 ||    20
  Dodge: Dodged            |     6 |    11 |    35 |    55 ||   107
  Block: Buckler           |     3 |       |     1 |       ||     4
         Kite shield       |       |       |     7 |   101 ||   108
         Reflection        |       |       |       |     3 ||     3
